 Dungeon Crawl Stone Soup version 0.18.1-48-g4cf74bf (webtiles) character file.

1936 rlgrobin the Insei (level 8, -5/58 HPs)
             Began as a Mummy Monk on Sept 3, 2016.
             Slain by a water moccasin (9 damage)
             ... on level 6 of the Dungeon.
             The game lasted 00:29:38 (11890 turns).

rlgrobin the Insei (Mummy Monk)                    Turns: 11890, Time: 00:29:38

Health: -5/58      AC:  1    Str: 14    XL:     8   Next: 97%
Magic:  8/8        EV: 17    Int: 10    God:
Gold:   361        SH:  0    Dex: 16    Spells: 0 memorised, 7 levels left

rFire  . . .     SeeInvis .       - Unarmed
rCold  + . .     Gourm    .     (no armour)
rNeg   + + +     Faith    .     (no shield)
rPois  ∞         Spirit   .     f - +0 helmet
rElec  .         Dismiss  .     (no cloak)
rCorr  .         Reflect  .     (no gloves)
SustAt .         Harm     .     (no boots)
MR     +....                    (no amulet)
Stlth  ++........               j - ring of protection from fire
                                (no ring)

@: somewhat resistant to hostile enchantments, unstealthy
A: no food or potions, fire vulnerability, cold resistance 1, negative energy
resistance 3, torment resistance, unbreathing
a: no special abilities


You were on level 6 of the Dungeon.
You were not hungry.

You visited 1 branch of the dungeon, and saw 7 of its levels.
You also visited: Ossuary.

You collected 361 gold pieces.


Innate Abilities, Weirdness & Mutations

You do not eat or drink.
Your flesh is vulnerable to fire.
You are immune to poison.
Your flesh is cold resistant.
You are immune to negative energy.
You are immune to unholy pain and torment.
You can survive without breathing.


   Skills:
 - Level 3.0 Fighting
 - Level 7.1 Dodging
 - Level 1.5 Stealth
 + Level 7.9 Unarmed Combat


You had 7 spell levels left.
You didn't know any spells.

Inventory:

Armour
 b - a +1 naga barding of cold resistance
 f - a +0 helmet (worn)
 i - a +0 buckler
Jewellery
 j - a ring of protection from fire (right hand)
Scrolls
 a - a scroll of teleportation {@r4}
 c - 3 scrolls of remove curse
 d - a scroll of enchant weapon {unknown}
 e - a scroll of random uselessness
 g - 2 scrolls of fog {unknown}
 h - a scroll of identify {unknown}
 l - a scroll of amnesia {unknown}
 m - 2 scrolls of fear {unknown}
Comestibles
 k - 3 fruits (quivered)
 n - a royal jelly

Dungeon Overview and Level Annotations

Branches:
Dungeon (7/15)             Temple (0/1) D:5

Altars:
Dithmenos
Qazlal

Shops:
D:6 ?}

Annotations:
D:2 8 exclusions, Sigmund
D:4 exclusion: downstairs
D:7 Dowan, Duvessa

...▒▒▒▒ ▒▒.▒ ▒....††........
▒▒...▒ ░.▒▒ ▒..............
▒▒▒▒.▒ ░..▒ ▒▒▒.....:....... ▒
▒.▒ ░▒.▒▒▒............... ▒ ▒.▒
▒.▒.∩...▒▒▒▒▒.▒▒▒▒.. ▒r▒
▒...▒▒S.▒ ░▒.▒ ▒.. ▒▒▒▒.▒
▒▒▒▒▒..▒░▒.▒▒ ░,.▒ ▒.. .....▒
▒▒▒.....▒▒▒▒.▒ ░,▒▒ ░░,
.▒▒▒▒▒▒▒o..▒▒...MS..▒ ░,░ ░, .▒
▒▒▒...▒▒▒▒..▒▒▒▒.▒░░░░,░░░▒░░,
.▒▒▒.r.▒▒▒......▒░▒.▒░,,,,,,,...,
▒▒o.o▒▒▒,..▒▒▒▒.▒,..▒░,,,,,,,,▒..
▒..▒▒▒░░,▒░░ ░.▒,▒▒▒░,,,,,,,,░▒.
..▒▒ ░,,░ ░..,░ ░,,,,,,,,░▒▒ ▒▒▒
░,░░ ░..▒░ ░░,,,,,,,,░░ ░,░
░░░░,,░░░░,,,,,,,,,,░ ░░░,░
░,,,,,,,,,,,,,,,,,░∩░░


You could see a water moccasin.


Message History

You pulverise the water moccasin but do no damage!
The water moccasin is heavily wounded!
The water moccasin barely misses you! The water moccasin bites you!!!
You barely miss the water moccasin!
The water moccasin is heavily wounded!
The water moccasin barely misses you!
You closely miss the water moccasin!
The water moccasin is heavily wounded!
The water moccasin barely misses you!
You closely miss the water moccasin!
The water moccasin is heavily wounded!
The water moccasin bites you!!! * * * don't die
* * * You closely miss the water moccasin!
The water moccasin is heavily wounded!
The water moccasin bites you!!! * * * don't die
* * * You pulverise the water moccasin!
The water moccasin is heavily wounded!
The water moccasin bites you but does no damage!
You pulverise the water moccasin but do no damage!
The water moccasin is heavily wounded!
The water moccasin bites you! * * * don't die
* * * The water moccasin bites you! * * * don't die
* * * You miss the water moccasin!
The water moccasin is heavily wounded!
The water moccasin bites you!!! rip

Action                   |  1- 3 |  4- 6 |  7- 9 || total
-------------------------+-------+-------+-------++-------
Melee: Unarmed           |   130 |   291 |   489 ||   910
       Punch             |     3 |     3 |    18 ||    24
  Use: Scroll            |     1 |       |     5 ||     6
 Stab: Sleeping          |     6 |     3 |     6 ||    15
       Distracted        |       |       |     2 ||     2
Armor: Skin              |     1 |    11 |    28 ||    40
Dodge: Dodged            |    60 |   188 |   359 ||   607

Vault maps used:
D:1:      saegor_arrival_simple_d
D:2:      uniq_jessica, uniq_sigmund, uniq_natasha
D:3:      minitemple
D:4:      minmay_misc_feat_nine_boxes
D:5:      first_bread
D:6:      corexii_shack_village, portal_sewer_entry_d, serial_shops,
          shop_statue, nicolae_shop_trees, shop, nicolae_ossuary_entry_ruins,
          roderic_batcave
D:7:      serial_shops, shop, uniq_duvessa
Ossuary:  ossuary_minmay_tomb_2a

Notes
Turn   | Place    | Note
--------------------------------------------------------------
     0 | D:1      | rlgrobin the Mummy Monk began the quest for the Orb.
     0 | D:1      | Reached XP level 1. HP: 18/18 MP: 1/1
   566 | D:1      | Reached XP level 2. HP: 21/24 MP: 2/2
  1346 | D:2      | Reached skill level 4 in Unarmed Combat
  1476 | D:2      | Reached XP level 3. HP: 26/29 MP: 3/3
  2050 | D:2      | Noticed Jessica
  2586 | D:2      | Reached XP level 4. HP: 34/35 MP: 4/4
  2595 | D:2      | Noticed Sigmund
  2633 | D:2      | Noticed Natasha
  3346 | D:2      | Killed Jessica
  3346 | D:2      | Reached skill level 5 in Unarmed Combat
  3443 | D:2      | Killed Natasha
  3443 | D:2      | Reached XP level 5. HP: 4/41 MP: 5/5
  3862 | D:2      | Noticed Natasha
  3890 | D:2      | Killed Natasha
  3890 | D:2      | Reached skill level 3 in Dodging
  5250 | D:3      | Found a shadowy altar of Dithmenos.
  5259 | D:3      | Reached skill level 4 in Dodging
  5259 | D:3      | Reached XP level 6. HP: 37/47 MP: 6/6
  5330 | D:3      | Found a stormy altar of Qazlal.
  6679 | D:5      | Entered Level 5 of the Dungeon
  6883 | D:5      | Noticed zultag's ghost (novice HuNe)
  7048 | D:4      | Reached XP level 7. HP: 47/52 MP: 7/7
  7520 | D:5      | Found a staircase to the Ecumenical Temple.
  7665 | D:5      | Reached skill level 6 in Unarmed Combat
  8006 | D:5      | Reached skill level 5 in Dodging
  8029 | D:5      | HP: 4/52 [ice beast (5)]
  8632 | D:5      | Reached skill level 6 in Dodging
  8874 | D:6      | Found a sand-covered staircase.
  8879 | Ossuary  | Entered an ossuary
  9176 | Ossuary  | Reached XP level 8. HP: 39/58 MP: 8/8
  9642 | D:5      | Reached skill level 7 in Unarmed Combat
  9997 | D:5      | Killed zultag's ghost
  9997 | D:5      | Reached skill level 7 in Dodging
 10149 | D:7      | Noticed Dowan
 10151 | D:7      | Noticed Duvessa
 11104 | D:6      | Found Xaqiud's Magic Scroll Boutique.
 11164 | D:6      | Found Laecam's Gadget Shop.
 11889 | D:6      | HP: 4/58 [water moccasin (4)]
 11890 | D:6      | Slain by a water moccasin

Vanquished Creatures
  The ghost of zultag the Grave Robber, a novice HuNe of Makhleb (D:5)
  A sky beast (D:5)
  4 ice beasts
  A scorpion (D:4)
  A howler monkey (D:4)
  3 crimson imps
  2 orc priests
  4 hounds
  3 human zombies (Ossuary)
  A centaur skeleton (D:5)
  4 orc wizards
  Jessica (D:2)
  Natasha (twice) (D:2)
  3 iguanas
  3 worker ants
  2 big kobold zombies (Ossuary)
  A hound zombie (Ossuary)
  A hound skeleton (D:5)
  4 mummies (Ossuary)
  3 gnolls (D:5)
  A howler monkey skeleton (D:5)
  9 adders
  A shadow imp (D:5)
  2 oozes
  2 worms (D:2)
  3 dart slugs
  8 giant geckos
  15 orcs
  3 giant cockroaches
  2 gnoll zombies (Ossuary)
  11 goblins
  7 hobgoblins
  12 jackals
  3 quokkas
  A ball python (D:4)
  10 bats
  A giant gecko skeleton (D:6)
  7 giant newts
  A goblin zombie (Ossuary)
  A hobgoblin zombie (Ossuary)
  9 kobolds
  An orc zombie (Ossuary)
  9 rats
  A rat zombie (Ossuary)
165 creatures vanquished.
